 Dungeon Crawl Stone Soup version 0.02-100-gc9e1e00884 (webtiles) character file.

Game seed: 15861334656537821934, levelgen mode: deterministic

886 Borgoz the Fighter (level 8, -3/54 HPs) Gargoyle Gladiator. Began on Sept 16, 2020. Splashed by a jelly's acid (7 damage) ... on level 2 of the Dungeon. The game lasted 00:05:28 (2327 turns).

Borgoz the Fighter (Gargoyle Gladiator)             Turns: 2327, Time: 00:05:28

Health: -3/54      AC:  0    Str: 19    XL:     8 ^: 1087
Magic:  9/9        EV: 12    Int:  9    God:
Gold:   108        SH:  0    Dex: 12    Spells: 7/7 levels left

rFire    . . .     Vision   .   a - +0 flail
rCold    . . .     Gourm    .   (no weapon)
rNeg     + . .     Faith    .   l - +0 chain mail
rPois    ∞         Spirit   .   c - +0 helmet
rElec    +         Reflect  .   (no cloak)
rCorr    .         Harm     .   (no gloves)
MR       .....                  g - +0 pair of boots
Stlth    ..........             p - amulet of the acrobat
HPRegen  0.28/turn              (no ring)
MPRegen  0.19/turn              (no ring)

@: corroded
A: negative energy resistance 1, electricity resistance, unbreathing,
petrification resistance, rot immunity, AC +5
a: no special abilities


You were on level 2 of the Dungeon.
You were very hungry.

You visited 1 branch of the dungeon, and saw 3 of its levels.

You collected 108 gold pieces.

Inventory:

Weapons
 a - a +0 flail (weapon)
Armour
 c - a +0 helmet (worn)
 g - a +0 pair of boots (worn)
 l - a +0 chain mail (worn)
Jewellery
 m - an uncursed ring of wizardry
 p - an amulet of the acrobat (around neck)
Wands
 d - a wand of ensnaring (9)
Scrolls
 b - a scroll of teleportation
Potions
 e - a potion of mutation
 j - 4 potions of curing
 k - a potion of haste
Comestibles
 f - 4 rations


   Skills:
 * Level 8.1 Fighting
 * Level 7.8 Whips & Flails
 * Level 7.7 Armour
 + Level 5.9 Dodging
 + Level 1.9 Stealth
 + Level 2.4 Evocations


You had 7 spell levels left.
You didn't know any spells.
Your spell library was empty.

Dungeon Overview and Level Annotations

Branches:
Dungeon (3/8)

Altars:
Elyvilon

Annotations:
D:2 Edmund


Innate Abilities, Weirdness & Mutations

You are resistant to torment.
Your stone body is resilient. (AC +5)
You are immune to poison.
You resist negative energy. (rN+)
You are resistant to electric shocks. (rElec)
You can survive without breathing.
You are immune to petrification.
You are immune to rotting.


Message History

The jelly is severely wounded. (6/17) HP The sewer rat barely misses you (0).
The jelly closely misses you (0).
You hit the jelly but do no damage.
Your hands burn!
The jelly is severely wounded. (6/17) HP You hit the jelly but do no damage.
Your hands burn!
The jelly is severely wounded. (6/17) HP The sewer rat bites you (6).
* * * LOW HITPOINT WARNING * * *
The jelly splashes around in the water.
You are too injured to fight recklessly!
You hit the jelly but do no damage. The acid corrodes you!
Your hands burn!
* * * LOW HITPOINT WARNING * * *
The jelly is severely wounded. (6/17) HP You hit the jelly but do no damage.
Your hands burn!
* * * LOW HITPOINT WARNING * * *
The jelly is severely wounded. (6/17) HP The sewer rat misses you (0).
The jelly hits you (2).
* * * LOW HITPOINT WARNING * * *
You are splashed with acid (7)!
You die...

###.≈≈............##≈ #
#≈..b≈≈;........≈# #≈ ###
#.≈≈.≈;≈.#.≈...≈#..≈
#≈.#..
#.≈≈≈≈≈≈≈≈#......≈..
##≈#.≈
#P≈PP≈≈≈≈#..≈#......
#...<#
P≈≈≈≈≈≈≈#≈.##≈....###.....
≈≈≈P≈≈≈.≈#≈##.≈...##......
≈≈≈≈P≈≈.J...# .....#..≈≈≈≈
#≈P≈≈≈≈≈.#@..# ....#≈#####
#.≈P.≈≈≈>r...# ...≈##
#.....≈≈.#..≈#
#≈≈≈≈≈.≈.≈P≈##
#≈≈≈≈≈...#### #≈≈≈≈≈.≈.#
#≈≈≈≈≈≈≈≈## ##≈≈≈;≈≈≈≈.#
#≈≈≈≈≈≈≈≈≈##


You could see a jelly, a sewer rat and 3 neutral slimeheads (passive).

Vanquished Creatures
  Eustachio (D:2)
  A bullfrog (D:2)
  3 jellies (D:2)
  An adder (D:2)
  8 sewer rats (D:2)
  10 cinder newts
  3 worms (D:2)
  2 oozes (D:2)
  2 leopard geckos
  An adder skeleton (D:2)
  2 ball pythons (D:2)
  2 giant cockroaches
  3 goblins (D:1)
  3 hobgoblins (D:1)
  3 bats (D:1)
  5 kobolds (D:1)
  An orc skeleton (D:2)
  6 rats
  2 withered plants (D:2)
59 creatures vanquished.

Vanquished Creatures (others)
  A sewer rat (D:2)
  A giant cockroach (D:2)
  128 withered plants (D:2)
130 creatures vanquished.

Grand Total: 189 creatures vanquished

Notes
Turn   | Place    | Note
-------+----------+-------------------------------------------
     0 | D:1      | Borgoz the Gargoyle Gladiator began the quest for the Orb.
     0 | D:1      | Reached XP level 1. HP: 12/12 MP: 2/2
    93 | D:1      | Reached XP level 2. HP: 12/18 MP: 3/3
    95 | D:1      | Reached skill level 1 in Armour
   302 | D:1      | Reached XP level 3. HP: 21/22 MP: 4/4
   504 | D:1      | Reached skill level 3 in Fighting
   703 | D:1      | Reached XP level 4. HP: 26/28 MP: 5/5
  1003 | D:2      | Noticed Eustachio
  1035 | D:2      | Killed Eustachio
  1035 | D:2      | Reached skill level 1 in Stealth
  1035 | D:2      | Reached XP level 5. HP: 29/33 MP: 6/6
  1069 | D:2      | Noticed Edmund
  1169 | D:2      | Found a white marble altar of Elyvilon.
  1197 | D:2      | Reached XP level 6. HP: 22/38 MP: 7/7
  1309 | D:2      | Reached skill level 4 in Fighting
  1960 | D:2      | Reached skill level 8 in Fighting
  1960 | D:2      | Reached skill level 5 in Dodging
  1960 | D:2      | Reached XP level 7. HP: 49/49 MP: 8/8
  1963 | D:2      | Reached XP level 8. HP: 40/54 MP: 9/9
  2327 | D:2      | Splashed by a jelly's acid

Levels and vault maps discovered:
D:1:      tarquinn_simple_flora_water_f, layout_basic
D:2:      layout_sewer, old_standard_altar, chequers_ecumenical_altar_simple,
          minmay_pentomino_u2, uniq_eustachio, uniq_edmund
D:3:      layout_basic, first_ration, serial_shops, shop, uniq_pikel,
          uniq_sigmund, uniq_grinder

Skill      XL: |  1  2  3  4  5  6 |
---------------+-------------------+-----
Armour         | 1 2 3 7 |  7.7
Fighting       | 3 8 |  8.1
Whips & Flails | 4 7 |  7.8
Stealth        | 1 |  1.9
Evocations     | 2 |  2.4
Dodging        | 5 |  5.9

Action                   |  1- 3 |  4- 6 |  7- 9 || total
-------------------------+-------+-------+-------++-------
Melee: Flail             |    66 |   205 |    29 ||   300
       Unarmed           |    50 |   177 |    27 ||   254
  Use: Potion            |       |     3 |     1 ||     4
       Scroll            |       |       |     1 ||     1
  Eat: Chunk             |       |     5 |       ||     5
Armor: Leather armour    |    19 |       |       ||    19
       Chain mail        |    14 |   144 |    11 ||   169
Dodge: Dodged            |    62 |   171 |    28 ||   261
